 Dungeon Crawl Stone Soup version 0.31-a0-859-g9dce7d3444 (webtiles) character file.

Game seed: 16981312837083330736

11 Kurtz the Sneak (level 2, -5/28 HPs)
             Began as a Naga Delver on Oct 9, 2023.
             Killed by divine providence
             ... invoked by an orc priest
              (14 damage)
             ... on level 3 of the Dungeon.
             The game lasted 00:00:40 (301 turns).

Kurtz the Sneak (Naga Delver)                        Turns: 301, Time: 00:00:41

Health: -5/28      AC:  4    Str: 14    XL:     2   Next: 29%
Magic:  2/2        EV:  5    Int: 10    God:
Gold:   64         SH:  0    Dex: 12    Spells: 1/1 levels left

rFire   . . .        a - +0 hand axe
rCold   . . .        (no shield)
rNeg    . . .        i - +0 chain mail
rPois   +            (no helmet)
rElec   .            (no cloak)
rCorr   .            (no gloves)
SInv    +            (no barding)
Will    .....        (no amulet)
Stlth   +            (no ring)
HPRegen 0.24/turn    (no ring)
MPRegen 0.08/turn

%: no passive effects
@: short of breath, hasted, quick
A: AC +0, large, see invisible, deformed body, poison resistance, slowness 2,
spit poison 1, naga tail 1
a: Spit Poison


You were on level 3 of the Dungeon.
You visited 1 branch of the dungeon, and saw 3 of its levels.

You collected 64 gold pieces.

Inventory:

Hand Weapons
 a - a +0 hand axe (weapon)
Armour
 b - a +0 leather armour
 i - a +0 chain mail (worn)
Wands
 g - a wand of digging (3)
Scrolls
 c - a scroll of fog
 d - a scroll of revelation
 e - a scroll of fear
 j - a scroll of teleportation {unknown}
 k - a scroll of torment {unknown}
Potions
 h - a potion of mutation {unknown}


   Skills:
 - Level 3.0 Fighting
 * Level 2.9 Axes
 - Level 1.5 Dodging
 - Level 7.2 Stealth


You had one spell level left.
You didn't know any spells.
Your spell library was empty.

Dungeon Overview and Level Annotations

Branches:
Dungeon (5/15)
 Temple: D:4-7

Altars:
Xom

Shops:
D:5 :

Annotations:
D:3 Grinder


Innate Abilities, Weirdness & Mutations

Your serpentine skin is tough. (AC +0)
You have supernaturally acute eyesight. (SInv)
Armour fits poorly on your strangely shaped body.
Your system is resistant to poisons. (rPois)
You cover ground very slowly.
You can spit poison.
You have a snake-like lower body.


Message History

There is a stone staircase leading down here.
k - a scroll labelled XELOUH USISE You now have 52 gold pieces (gained 9).
You now have 64 gold pieces (gained 12).
You see here a +0 club.
An orc comes into view. It is wielding a +0 dagger.
An orc priest comes into view.
It is wielding a +2 hand axe of electrocution.
The orc priest shouts!
A frilled lizard comes into view.
An orc comes into view. It is wielding a +0 trident.
The orc hits you with a +0 dagger.
The frilled lizard moves out of view.
You closely miss the orc.
The orc priest looks encouraged for a moment.
The orc closely misses you.
Unknown command.
You hit the orc but do no damage.
The orc priest casts a cantrip, but nothing happens.
The orc barely misses you.
You hit the orc.
The orc is almost dead.
The orc hits you but does no damage.
Unknown command.
Aiming: Spit Poison (2% risk of failure)
Press: ? - help, Shift-Dir - straight line, f - orc priest
Aim: an orc priest, wielding a +2 hand axe of electrocution (59% to hit)
The splash of poison hits the orc!
The orc is poisoned.
You kill the orc!
Unknown command.
Found a shimmering altar of Xom.
The orc hits you but does no damage.
You feel yourself speed up.
The orc priest hits you with a +2 hand axe of electrocution.
You are electrocuted!
The orc hits you with a +0 trident.
* * * LOW HITPOINT WARNING * * *
Unknown command.
You barely miss the orc priest. You hit the orc.
Grinder comes into view.
The orc priest invokes the aid of Beogh against you.
Beogh smites you!
Ouch! That really hurt!
You die...

#>.............
#...)..........
#........######
#.##.....##
####..........#
#?..$..........#
#.###..###+###.#
#.#....# .#
#....)@#
###..oo###_..+
#..#.###5###
#..#.# #....#
#..... #..#.#
#..


You could see Grinder, an orc priest and an orc.

Vanquished Creatures
  4 orcs
  A hobgoblin (D:4)
  A quokka (D:4)
  A kobold (D:4)
7 creatures vanquished.

Notes
Turn   | Place    | Note
-------+----------+-------------------------------------------
     0 | D:5      | Kurtz the Naga Delver began the quest for the Orb.
     0 | D:5      | Reached XP level 1. HP: 21/21 MP: 1/1
    16 | D:5      | Found Avoypt's Book Boutique.
    31 | D:5      | Noticed an iguana
   210 | D:4      | Reached XP level 2. HP: 25/28 MP: 2/2
   274 | D:4      | Noticed a lemure
   299 | D:3      | Found a shimmering altar of Xom.
   301 | D:3      | Noticed Grinder
   301 | D:3      | Killed from afar by an orc priest

Illustrated notes

Levels and vault maps discovered:
D:3:      layout_basic, lemuel_doored_altar, yredelemnul_altar_generic,
          minmay_randomly_rotated_circles, uniq_grinder
D:4:      layout_cave_pools, kennysheep_little_box,
          mainiacjoe_overflow_alcove_4, minmay_temple_entry_ruins,
          serial_column_ruins, column_ruins_hut, column_ruins_temple_circle,
          column_ruins_corridor_corner, column_ruins_grid_2,
          column_ruins_open_small, column_ruins_grid_4,
          column_ruins_columns_straight, column_ruins_open_tiny, uniq_pikel,
          uniq_blork_the_orc
D:5:      layout_basic, tgw_trog, serial_shops, nicolae_shop_stone, shop, shop,
          nicolae_shop_tiny_waterfront, st_stairs_13

Action                     || total
---------------------------++-------
  Melee: Hand axe          ||    21
Ability: Spit Poison       ||     1
    Use: Potion            ||     1
 Armour: Leather armour    ||    10
         Chain mail        ||    14
  Dodge: Dodged            ||    12

Table legend: (Time is in decaauts)
 A = Elapsed time spent in this place.
 B = Non-inter-level travel time spent in this place.
 C = Inter-level travel time spent in this place.
 D = Time resting spent in this place.
 E = Time spent auto-exploring this place.
 F = Levels seen in this place.
 G = Mean time per level.
                   A        B        C        D        E       F      G
               +--------+--------+--------+--------+--------+-----+--------+
         Total |    379 |    358 |     21 |     55 |    148 |   3 |  126.3 |
       Dungeon |    379 |    358 |     21 |     55 |    148 |   3 |  126.3 |
               +--------+--------+--------+--------+--------+-----+--------+

Top non-repeatable levels by time:
     D:5: 243 daAuts
     D:4: 104 daAuts
     D:3: 31 daAuts
